[ AOE2 MATCH · #505100728 ]
UnrankedBurmese vs Jurchens
Player's team · WIN
Rival team · LOSS
[ REPLAY ANALYSIS · EXTRACTED FROM THE RECORDED GAME ]
Feudal
10:57
Castle
—
Imperial
—
| APM avg | 68.4 |
| APM peak | 96 |
| eAPM avg | 25.3 |
| Villagers / military | 40 / 27 |
Focus
⚔️ 38.9% · 🌾 61.1%
Skirmisher ×19 · Militia ×4 · Spearman ×4
Feudal
8:26
Castle
—
Imperial
—
| APM avg | 62.5 |
| APM peak | 89 |
| eAPM avg | 25.9 |
| Villagers / military | 48 / 19 |
Focus
⚔️ 27.4% · 🌾 72.6%
Archer ×11 · Scout Cavalry ×8
Match map
Initial resources + every placement click. Lines = walls · curves = elevation contours. ◆ gold · ⬟ stone · ● berries · ✦ relic · ◌ wall gap
Your base· Open — unwalled flank
Shahar18's base· Open — unwalled flank
Smoothed initial terrain · ◌ = detected wall gap · hover for details
Inputs per minute
— Macluffy - - Shahar18
Build order — Macluffy
125 actions detected in the replay
| 0:01 | Create | Villager (Male) |
| 0:02 | Build | House |
| 0:03 | Build | House |
| 0:06 | Create | Villager (Male) |
| 0:10 | Create | Villager (Male) |
| 0:11 | Create | Villager (Male) |
| 1:28 | Create | Villager (Male) |
| 1:54 | Build | Lumber Camp |
| 2:01 | Create | Villager (Male) |
| 2:05 | Create | Villager (Male) |
| 2:26 | Create | Villager (Male) |
| 2:26 | Create | Villager (Male) |
| 3:15 | Create | Villager (Male) |
| 3:27 | Create | Villager (Male) |
| 3:35 | Create | Villager (Male) |
| 3:51 | Build | House |
| 3:59 | Create | Villager (Male) |
| 4:36 | Build | Barracks |
| 4:57 | Build | House |
| 4:59 | Create | Villager (Male) |
| 5:15 | Create | Villager (Male) |
| 5:16 | Create | Villager (Male) |
| 5:17 | Create | Villager (Male) |
| 5:29 | Create | Militia |
| 5:38 | Build | Palisade Wall |
| 5:58 | Create | Villager (Male) |
| 6:02 | Build | Mill |
| 6:12 | Create | Militia |
| 6:13 | Create | Militia |
| 6:15 | Build | Palisade Wall |
| 6:34 | Build | House |
| 6:38 | Create | Villager (Male) |
| 7:07 | Build | Palisade Wall |
| 7:32 | Create | Villager (Male) |
| 7:35 | Build | Palisade Wall |
| 7:39 | Build | Palisade Wall |
| 7:41 | Build | Palisade Wall |
| 7:42 | Build | Palisade Wall |
| 7:43 | Build | Palisade Wall |
| 7:47 | Create | Villager (Male) |
| 7:55 | Research | Loom |
| 8:15 | Build | Palisade Wall |
| 8:47 | Research | Feudal Age |
| 9:20 | Build | Mining Camp |
| 10:06 | Create | Militia |
| 10:16 | Create | Villager (Male) |
| 10:21 | Build | Palisade Wall |
| 10:22 | Build | Palisade Wall |
| 10:36 | Create | Villager (Male) |
| 10:57 | Age | Feudal Age |
| 11:00 | Research | Man-at-Arms (upgrade) |
| 11:04 | Build | Archery Range |
| 11:15 | Create | Villager (Male) |
| 11:20 | Build | House |
| 11:26 | Create | Villager (Male) |
| 11:48 | Create | Villager (Male) |
| 11:56 | Create | Villager (Male) |
| 12:09 | Create | Skirmisher |
| 12:09 | Create | Villager (Male) |
| 12:18 | Build | Farm |
| 12:19 | Build | Farm |
| 12:19 | Build | Farm |
| 12:20 | Create | Skirmisher |
| 12:23 | Create | Villager (Male) |
| 12:26 | Build | Palisade Wall |
| 12:29 | Build | Palisade Gate |
| 12:30 | Build | House |
| 12:33 | Create | Skirmisher |
| 12:38 | Build | Farm |
| 13:01 | Create | Skirmisher |
| 13:09 | Build | House |
| 13:18 | Create | Skirmisher |
| 13:21 | Create | Villager (Male) |
| 13:24 | Build | Farm |
| 13:44 | Build | Farm |
| 13:48 | Research | Horse Collar |
| 13:50 | Create | Skirmisher |
| 13:52 | Build | Farm |
| 14:15 | Create | Skirmisher |
| 14:21 | Build | Farm |
| 14:22 | Build | Farm |
| 14:30 | Create | Villager (Male) |
| 14:34 | Build | House |
| 14:44 | Create | Villager (Male) |
| 15:02 | Build | Lumber Camp |
| 15:03 | Build | Farm |
| 15:12 | Create | Skirmisher |
| 15:13 | Create | Villager (Male) |
| 15:22 | Create | Skirmisher |
| 15:36 | Build | Blacksmith |
| 15:48 | Create | Skirmisher |
| 15:49 | Create | Villager (Male) |
| 15:53 | Build | Farm |
| 16:10 | Build | Farm |
| 16:14 | Create | Villager (Male) |
| 16:21 | Research | Fletching |
| 16:22 | Create | Skirmisher |
| 16:24 | Build | House |
| 16:29 | Create | Skirmisher |
| 16:39 | Build | Farm |
| 16:40 | Build | House |
| 16:42 | Build | House |
| 16:44 | Build | House |
| 16:58 | Build | Farm |
| 17:02 | Create | Skirmisher |
| 17:03 | Create | Villager (Male) |
| 17:08 | Create | Spearman |
| 17:27 | Create | Spearman |
| 17:28 | Create | Skirmisher |
| 17:29 | Create | Villager (Male) |
| 17:43 | Create | Villager (Male) |
| 17:46 | Build | Market |
| 17:50 | Research | Arson |
| 17:51 | Create | Spearman |
| 17:52 | Create | Skirmisher |
| 17:57 | Build | Palisade Gate |
| 18:07 | Build | House |
| 18:09 | Create | Spearman |
| 18:10 | Create | Villager (Male) |
| 18:16 | Build | Watch Tower |
| 18:22 | Create | Skirmisher |
| 18:29 | Create | Skirmisher |
| 18:32 | Create | Skirmisher |
| 18:33 | Create | Skirmisher |
| 18:59 | Create | Villager (Male) |
Build order — Shahar18
124 actions detected in the replay
| 0:01 | Create | Villager (Male) |
| 0:01 | Create | Villager (Male) |
| 0:02 | Build | House |
| 0:03 | Build | House |
| 0:11 | Create | Villager (Male) |
| 0:12 | Create | Villager (Male) |
| 1:25 | Create | Villager (Male) |
| 1:48 | Build | Lumber Camp |
| 1:55 | Create | Villager (Male) |
| 2:08 | Create | Villager (Male) |
| 2:08 | Create | Villager (Male) |
| 2:48 | Create | Villager (Male) |
| 2:48 | Create | Villager (Male) |
| 3:05 | Create | Villager (Male) |
| 3:05 | Create | Villager (Male) |
| 3:40 | Create | Villager (Male) |
| 3:40 | Create | Villager (Male) |
| 3:52 | Build | House |
| 3:54 | Create | Villager (Male) |
| 4:26 | Create | Villager (Male) |
| 4:32 | Build | Mill |
| 4:51 | Create | Villager (Male) |
| 5:07 | Create | Villager (Male) |
| 5:36 | Research | Loom |
| 5:55 | Build | House |
| 6:16 | Research | Feudal Age |
| 7:10 | Create | Villager (Male) |
| 7:15 | Build | Palisade Gate |
| 7:51 | Build | Barracks |
| 8:03 | Build | Palisade Wall |
| 8:04 | Build | Palisade Wall |
| 8:10 | Build | Barracks |
| 8:20 | Build | House |
| 8:23 | Build | Mining Camp |
| 8:24 | Create | Villager (Male) |
| 8:26 | Age | Feudal Age |
| 8:34 | Create | Villager (Male) |
| 8:37 | Build | Palisade Wall |
| 8:43 | Create | Villager (Male) |
| 9:02 | Create | Villager (Male) |
| 9:06 | Build | Palisade Wall |
| 9:10 | Build | Palisade Wall |
| 9:11 | Build | Palisade Wall |
| 9:14 | Create | Villager (Male) |
| 9:17 | Build | Archery Range |
| 9:20 | Build | Archery Range |
| 9:21 | Create | Villager (Male) |
| 9:28 | Create | Villager (Male) |
| 9:30 | Build | House |
| 9:33 | Build | Palisade Wall |
| 9:35 | Build | Palisade Wall |
| 9:37 | Build | Palisade Wall |
| 9:54 | Research | Double-Bit Axe |
| 10:08 | Create | Archer |
| 10:12 | Create | Villager (Male) |
| 10:14 | Build | Farm |
| 10:20 | Create | Archer |
| 10:27 | Create | Villager (Male) |
| 10:41 | Build | Farm |
| 10:49 | Build | Farm |
| 10:52 | Build | Farm |
| 11:09 | Create | Villager (Male) |
| 11:13 | Build | Farm |
| 11:20 | Create | Villager (Male) |
| 11:40 | Create | Villager (Male) |
| 11:48 | Create | Villager (Male) |
| 11:51 | Build | Farm |
| 12:12 | Build | Farm |
| 12:16 | Create | Archer |
| 12:23 | Create | Villager (Male) |
| 12:29 | Build | House |
| 12:32 | Build | House |
| 12:41 | Create | Archer |
| 12:54 | Build | Palisade Wall |
| 13:06 | Create | Villager (Male) |
| 13:12 | Build | Stable |
| 13:35 | Create | Villager (Male) |
| 13:41 | Build | Farm |
| 13:45 | Research | Horse Collar |
| 13:45 | Research | Horse Collar |
| 13:47 | Build | Palisade Wall |
| 14:06 | Create | Scout Cavalry |
| 14:17 | Create | Villager (Male) |
| 14:19 | Build | House |
| 14:22 | Create | Scout Cavalry |
| 14:24 | Build | Farm |
| 14:25 | Create | Villager (Male) |
| 14:37 | Build | Farm |
| 14:49 | Create | Scout Cavalry |
| 14:50 | Create | Archer |
| 14:51 | Create | Villager (Male) |
| 14:58 | Build | House |
| 15:03 | Build | Palisade Wall |
| 15:04 | Build | Palisade Wall |
| 15:05 | Build | Palisade Wall |
| 15:12 | Create | Archer |
| 15:16 | Create | Villager (Male) |
| 15:26 | Create | Villager (Male) |
| 15:31 | Create | Archer |
| 15:34 | Create | Villager (Male) |
| 15:46 | Create | Villager (Male) |
| 15:49 | Create | Scout Cavalry |
| 15:54 | Build | House |
| 16:04 | Build | Farm |
| 16:19 | Research | Wheelbarrow |
| 16:31 | Create | Villager (Male) |
| 16:33 | Build | Blacksmith |
| 16:37 | Build | Palisade Wall |
| 16:39 | Create | Villager (Male) |
| 16:45 | Create | Archer |
| 16:45 | Create | Scout Cavalry |
| 16:54 | Build | House |
| 16:56 | Build | Palisade Wall |
| 17:08 | Create | Archer |
| 17:10 | Create | Scout Cavalry |
| 17:35 | Create | Villager (Male) |
| 17:36 | Build | House |
| 17:39 | Create | Archer |
| 17:40 | Create | Archer |
| 17:57 | Create | Villager (Male) |
| 18:24 | Create | Villager (Male) |
| 18:32 | Create | Scout Cavalry |
| 18:51 | Create | Scout Cavalry |
| 19:03 | Create | Villager (Male) |
Match timeline
| 4:36 | Macluffy · first_building Barracks |
| 5:38 | Macluffy · wall_segment Palisade Wall x3 |
| 6:15 | Macluffy · wall_segment Palisade Wall x7 |
| 7:07 | Macluffy · wall_segment Palisade Wall x8 |
| 7:35 | Macluffy · wall_segment Palisade Wall x1 |
| 7:39 | Macluffy · wall_segment Palisade Wall x1 |
| 7:41 | Macluffy · wall_segment Palisade Wall x1 |
| 7:42 | Macluffy · wall_segment Palisade Wall x1 |
| 7:43 | Macluffy · wall_segment Palisade Wall x2 |
| 7:51 | Shahar18 · first_building Barracks |
| 8:03 | Shahar18 · wall_segment Palisade Wall x1 |
| 8:04 | Shahar18 · wall_segment Palisade Wall x1 |
| 8:15 | Macluffy · wall_segment Palisade Wall x1 |
| 8:26 | Shahar18 · age_up feudal |
| 8:37 | Shahar18 · wall_segment Palisade Wall x1 |
| 9:06 | Shahar18 · wall_segment Palisade Wall x1 |
| 9:10 | Shahar18 · wall_segment Palisade Wall x1 |
| 9:11 | Shahar18 · wall_segment Palisade Wall x1 |
| 9:17 | Shahar18 · first_building Archery Range |
| 9:33 | Shahar18 · wall_segment Palisade Wall x1 |
| 9:35 | Shahar18 · wall_segment Palisade Wall x1 |
| 9:37 | Shahar18 · wall_segment Palisade Wall x1 |
| 10:21 | Macluffy · wall_segment Palisade Wall x6 |
| 10:22 | Macluffy · wall_segment Palisade Wall x5 |
| 10:57 | Macluffy · age_up feudal |
| 11:04 | Macluffy · first_building Archery Range |
| 12:26 | Macluffy · wall_segment Palisade Wall x19 |
| 12:54 | Shahar18 · wall_segment Palisade Wall x1 |
| 13:12 | Shahar18 · first_building Stable |
| 13:47 | Shahar18 · wall_segment Palisade Wall x1 |
| 15:03 | Shahar18 · wall_segment Palisade Wall x1 |
| 15:04 | Shahar18 · wall_segment Palisade Wall x1 |
| 15:05 | Shahar18 · wall_segment Palisade Wall x1 |
| 16:37 | Shahar18 · wall_segment Palisade Wall x5 |
| 16:56 | Shahar18 · wall_segment Palisade Wall x7 |
| 19:07 | Shahar18 · resign |
[ AI ANALYSIS · 1 CREDIT ]
What really happened in this match?
Wolo.gg analyzes every decision: build order, eco, micro, common mistakes by bracket. Personalized analysis on WhatsApp or Discord in 30 seconds.
Civ guide
Burmese
Perfil
Jugador #453821